 Dungeon Crawl Stone Soup version 0.23.1 (webtiles) character file.

Game seed: 5616555860271029344

24 Borgoz the Sneak (level 3, 0/27 HPs)
             Began as a Ghoul Enchanter on Mar 3, 2019.
             Slain by an orc
             ... wielding a +0 falchion
              (3 damage)
             ... on level 3 of the Dungeon.
             The game lasted 00:01:46 (1480 turns).

Borgoz the Sneak (Ghoul Enchanter)                  Turns: 1480, Time: 00:01:47

Health: 0/27       AC:  2    Str: 11    XL:     3   Next: 2%
Magic:  4/4        EV: 12    Int: 10    God:
Gold:   86         SH:  0    Dex: 10    Spells: 4/5 levels left

rFire    . . .     SeeInvis .   a - +1 dagger
rCold    + . .     Gourm    .   (no shield)
rNeg     + + +     Faith    .   b - +0 robe
rPois    ∞         Spirit   .   (no helmet)
rElec    .         Reflect  .   (no cloak)
rCorr    .         Harm     .   (no gloves)
MR       .....                  (no boots)
Stlth    ++........             (no amulet)
HPRegen  0.00/turn              (no ring)
MPRegen  0.09/turn              (no ring)

@: rotting
A: rotting body, claws 1, carnivore, cold resistance 1, negative energy
resistance 3, inhibited regeneration, torment resistance, unbreathing
a: no special abilities


You were on level 3 of the Dungeon.
You were not hungry.

You visited 1 branch of the dungeon, and saw 3 of its levels.

You collected 86 gold pieces.

Inventory:

Hand Weapons
 a - a +1 dagger (weapon)
Armour
 b - a +0 robe (worn)
Jewellery
 h - an uncursed amulet of the gourmand {unknown}
Scrolls
 c - a scroll of teleportation
 g - 2 scrolls of immolation {unknown}
 k - 2 scrolls of remove curse {unknown}
 n - a scroll of amnesia {unknown}
 o - a scroll of identify {unknown}
Potions
 e - a potion of might {unknown}
 f - a potion of flight {unknown}
 i - 3 potions of curing {unknown}
 j - 2 potions of brilliance {unknown}
 m - a potion of lignification {unknown}
Comestibles
 d - 4 rations


   Skills:
 + Level 0.8 Fighting
 * Level 1.6 Short Blades
 + Level 0.6 Armour
 * Level 2.2 Dodging
 - Level 3.2 Stealth
 - Level 1.7 Spellcasting
 - Level 2.4 Hexes


You had 4 spell levels left.
You knew the following spells:

 Your Spells              Type           Power        Failure   Level  Hunger
a - Corona                Hex            #......      12%         1    ##.....

Your spell library contained the following spells:

 Spells                   Type           Power        Failure   Level  Hunger
 Ensorcelled Hibernation  Hex/Ice        #.....       30%         2    ###....
 Confuse                  Hex            #.......     34%         3    ####...
 Tukima's Dance           Hex            #.......     34%         3    ####...
 Dazzling Spray           Conj/Hex       #.....       52%         3    ####...


Dungeon Overview and Level Annotations

Branches:
Dungeon (3/15)

Altars:
Qazlal


Innate Abilities, Weirdness & Mutations

Your body is rotting away.
You thrive on raw meat.
You are immune to poison.
You have sharp fingernails.
You are carnivorous and can eat meat at any time.
Your flesh is cold resistant. (rC+)
You are immune to negative energy. (rN+++)
You do not regenerate when monsters are visible.
You are immune to unholy pain and torment.
You can survive without breathing.


Message History

Found 16 poisoned needles.
You hit the orc but do no damage.
The orc is moderately wounded.
The orc barely misses you.
You hit the orc but do no damage.
The orc is moderately wounded.
The orc hits you with a +0 falchion.
You barely miss the orc.
The orc is moderately wounded.
The orc barely misses you.
You hit the orc.
The orc is heavily wounded.
The orc hits you with a +0 falchion.
* * * LOW HITPOINT WARNING * * *
You barely miss the orc.
The orc is heavily wounded.
You hit the orc but do no damage.
The orc is heavily wounded.
The orc hits you with a +0 falchion.
You die...

.#.....(.....#
............#
...........#
......(..#
#........####
#.##.###....##
#.oh...o.%...###.##
##o##..........#..#
#@#####.o.........
#........#
###.##......
#........#
#..##.....
#........# ##....###
#........# #o.....##
#........#
##.#.....#
####..####
##.o......#
#....#####..<#...#..
# ...#.o.....#<# .


You could see 2 orcs and a jackal.

Vanquished Creatures
  A dart slug (D:2)
  4 giant cockroaches
  3 goblins
  4 hobgoblins
  3 bats (D:1)
  A frilled lizard (D:1)
  A kobold (D:2)
  2 rats
19 creatures vanquished.

Notes
Turn   | Place    | Note
-------+----------+-------------------------------------------
     0 | D:1      | Borgoz the Ghoul Enchanter began the quest for the Orb.
     0 | D:1      | Reached XP level 1. HP: 14/14 MP: 2/2
    34 | D:1      | Reached skill level 1 in Short Blades
   209 | D:1      | Reached XP level 2. HP: 19/22 MP: 3/3
   915 | D:2      | Noticed an air elemental
   916 | D:2      | Found a stormy altar of Qazlal.
   918 | D:2      | Noticed an earth elemental
  1454 | D:3      | Reached XP level 3. HP: 10/27 MP: 4/4
  1480 | D:3      | Slain by an orc

Skill      XL: |  1 |
---------------+----+-----
Short Blades   | 1 |  1.6
Dodging        | 2 |  2.2
Fighting       | |  0.8
Armour         | |  0.6
Stealth        | |  3.2
Spellcasting   | |  1.7
Hexes          | |  2.4

Action                   || total
-------------------------++-------
Melee: Dagger            ||    80
  Use: Scroll            ||     1
 Stab: Sleeping          ||     4
  Eat: Chunk             ||     4
Armor: Robe              ||    18
Dodge: Dodged            ||    58
